 Dungeon Crawl Stone Soup version 0.23.2-40-g277498a001 (webtiles) character file.

Game seed: 15779018595173382895

9050 MalarOregon the Carver (level 11, -16/94 HPs)
             Began as a Green Draconian Abyssal Knight on Sept 20, 2019.
             Was a High Priest of Lugonu.
             Demolished by a stone giant (31 damage)
             ... in a volcano.
             The game lasted 00:21:24 (11670 turns).

MalarOregon the Carver (DrAK)                      Turns: 11670, Time: 00:21:24

Health: -16/94     AC: 12    Str: 20    XL:     11   Next: 17%
Magic:  12/12      EV: 17    Int: 13    God:    Lugonu [*****.]
Gold:   685        SH:  0    Dex: 16    Spells: 10/10 levels left

rFire    . . .     SeeInvis .   a - +2 falchion
rCold    . . .     Gourm    .   (no shield)
rNeg     + . .     Faith    .   (armour unavailable)
rPois    +         Spirit   .   (helmet restricted)
rElec    .         Reflect  .   g - +1 cloak
rCorr    .         Harm     .   d - +2 pair of gloves {Dex+3}
MR       .....                  (no boots)
Stlth    +.........             f - amulet of regeneration
HPRegen  0.65/turn              n - ring of positive energy
MPRegen  0.13/turn              (no ring)

@: mighty
A: breathe noxious fumes, unfitting armour, poison resistance, cold-blooded, AC
+7
a: Breathe Noxious Fumes, Depart the Abyss, Bend Space, Banish, Corrupt, Enter
the Abyss, Renounce Religion


You were in a volcano.
You worshipped Lugonu.
Lugonu was extremely pleased with you.
You were hungry.

You visited 2 branches of the dungeon, and saw 11 of its levels.
You visited the Abyss 1 time.
You also visited: Ossuary and Volcano.

You collected 685 gold pieces.

Inventory:

Hand Weapons
 a - a +2 falchion (weapon)
 D - the cursed +1 spear "Desisi Ybuav" {venom, MR+ Dex+5, unknown}
   (You found it on level 7 of the Dungeon)

   It poisons the flesh of those it strikes.
   It affects your dexterity (+5).
   It affects your resistance to hostile enchantments.
   It has a curse placed upon it.
Armour
 d - a +2 pair of gloves of dexterity (worn)
   (You found it on level 4 of the Dungeon)
 g - a +1 cloak (worn)
   (You found it on level 2 of the Dungeon)
Jewellery
 f - an amulet of regeneration (around neck)
   (You found it on level 8 of the Dungeon)
 n - a ring of positive energy (left hand)
   (You found it on level 4 of the Dungeon)
 r - an uncursed amulet of the acrobat {unknown}
   (You found it on level 4 of the Dungeon)
 G - an uncursed amulet of regeneration
   (You found it on level 5 of the Dungeon)
Wands
 t - a wand of flame (39)
   (You took it off a kobold on level 6 of the Dungeon)
 u - a wand of paralysis (9)
   (You found it on level 8 of the Dungeon)
Scrolls
 b - 2 scrolls of amnesia
 i - 3 scrolls of remove curse {@r2}
 p - a scroll of random uselessness
 q - 6 scrolls of teleportation {@r4}
 s - a scroll of noise {!r}
 x - 2 scrolls of identify {@r1}
 y - a scroll of fear
 C - a scroll of enchant weapon
 F - a scroll of enchant armour
Potions
 h - 2 potions of lignification {!q}
 j - 3 potions of curing {@q1}
 k - a potion of degeneration {unknown}
 m - 2 potions of agility
 o - 5 potions of haste {@q3}
 v - 2 potions of mutation {!q}
 w - a potion of ambrosia
 z - 3 potions of cancellation
 A - a potion of might
 B - 2 potions of brilliance
Comestibles
 e - 16 rations {!d}


   Skills:
 - Level 8.3 Fighting
 - Level 14.0 Long Blades
 + Level 6.9 Dodging
 - Level 2.0 Invocations


You had 10 spell levels left.
You didn't know any spells.
Your spell library contained the following spells:

 Spells                   Type           Power        Failure   Level  Hunger
 Beastly Appendage        Tmut           #.....       30%         1    ##.....
 Flame Tongue             Conj/Fire      #....        30%         1    ##.....
 Sticks to Snakes         Tmut           #.......     43%         2    ###....
 Throw Flame              Conj/Fire      #.....       43%         2    ###....
 Conjure Flame            Conj/Fire      #.......     67%         3    ####...
 Inner Flame              Hex/Fire       #.......     67%         3    ####...
 Spider Form              Tmut/Pois      #.........   67%         3    ####...
 Ice Form                 Ice/Tmut       #.......     97%         4    #####..
 Sticky Flame             Conj/Fire      #.......     97%         4    #####..
 Blade Hands              Tmut           #.........   100%        5    ######.
 Fireball                 Conj/Fire      #.........   100%        5    ######.


Dungeon Overview and Level Annotations

Branches:
Dungeon (10/15)            Temple (0/1) D:7            Lair (1/6) D:9
    Orc (0/2) D:10

Altars:
Trog
Vehumet

Annotations:
D:6 1 runed translucent door, Crazy Yiuf


Innate Abilities, Weirdness & Mutations

You can breathe blasts of noxious fumes.
Your lurid green scales are hard. (AC +7)
You cannot fit into any form of body armour.
Your system is resistant to poisons. (rPois)
You are cold-blooded and may be slowed by cold attacks.


Message History

Lugonu accepts your kill.
The gargoyle hurls a stone arrow at you.
The stone arrow hits you! The gargoyle hits you with a +0 flail!
* * * LOW HITPOINT WARNING * * *
Found 5 gold pieces, a ration and a lumpy amethyst potion.
Unknown command.
You hit the gargoyle but do no damage. You hit the gargoyle.
You tail-slap the gargoyle, but do no damage.
The gargoyle hurls a stone arrow at you.
The stone arrow hits you!
* * * LOW HITPOINT WARNING * * *
You hit the gargoyle but do no damage.
The gargoyle hurls a stone arrow at you.
The stone arrow hits you!
* * * LOW HITPOINT WARNING * * *
You hit the gargoyle.
Your tail-slap misses the gargoyle.
Unknown command.
You slash the gargoyle!
You hear a shout!
The gargoyle hurls a stone arrow at you.
The stone arrow misses you.
A stone giant comes into view.
You hit the gargoyle but do no damage. You hit the gargoyle but do no damage.
You tail-slap the gargoyle, but do no damage.
The gargoyle hits you with a +0 flail!
* * * LOW HITPOINT WARNING * * *
You feel much better.
The gargoyle hurls a stone arrow at you.
The stone arrow misses you.
You are feeling hungry.
You hit the gargoyle.
All of the chunks of flesh in your inventory have rotted away.
You hit the gargoyle but do no damage. The gargoyle closely misses you.
You hit the gargoyle but do no damage. You hit the gargoyle but do no damage.
You hit the stone giant but do no damage.
You feel very mighty all of a sudden. The stone giant hits you!!
* * * LOW HITPOINT WARNING * * *
You slash the stone giant! You slash the stone giant!
Your tail-slap misses the stone giant.
The stone giant hits you!
* * * LOW HITPOINT WARNING * * *
You feel much better. The stone giant hits you!
* * * LOW HITPOINT WARNING * * *
You hit the stone giant. The stone giant hits you!!
You die...

#.....≈≈≈§≈§§§§≈§...#
##.....≈§§≈≈≈§≈§§....#
#.....≈≈≈§≈≈≈≈≈≈≈.....#
###.....§§≈≈§≈§≈≈.....#
#........≈.≈.§○○......
#..###..........○. #..#
#####.###.## ## #.##
#@# #%$C#.# #!.. !#
..§[$ ≈≈ ##≈≈≈§ ≈##
##☼§≈ ## #☼≈# ##☼


You could see a stone giant.

Vanquished Creatures
  Harold (D:7)
  2 two-headed ogres
  A lindwurm (Lair:1)
  3 trolls
  Grinder (D:5)
  Prince Ribbit (D:7)
  A vampire (D:8)
  A fire elemental (Volcano)
  A wyvern (D:9)
  Grum (Lair:1)
  Duvessa (D:5)
  An orc warrior (D:8)
  2 black bears (D:8)
  2 sky beasts
  6 ice beasts
  4 phantoms
  3 wolves
  3 ogres
  A centaur (D:8)
  3 crocodiles (Lair:1)
  3 bullfrogs
  Dowan (D:5)
  4 scorpions
  7 killer bees
  3 howler monkeys (D:9)
  5 crimson imps
  A quasit (D:6)
  3 centaur zombies (Ossuary)
  3 bullfrog zombies
  2 bullfrog skeletons
  3 jellies
  11 orc wizards
  10 hounds
  4 orc priests
  2 iguanas
  2 worker ants
  2 ogre zombies (Ossuary)
  A big kobold zombie (Ossuary)
  8 mummies
  A hound zombie (D:6)
  A hound skeleton (D:5)
  A worker ant zombie (D:5)
  12 adders
  An ooze (D:3)
  8 adder zombies (Ossuary)
  2 adder skeletons (D:9)
  2 worms (D:3)
  8 leopard geckos
  46 orcs
  A ball python (D:1)
  7 bats
  5 giant cockroaches
  2 hobgoblins
  5 jackals
  9 kobolds
  3 quokkas
  6 frilled lizards
  13 goblins
  2 goblin zombies (Ossuary)
  5 hobgoblin zombies (Ossuary)
  A jackal skeleton (D:6)
  2 kobold zombies (Ossuary)
  3 quokka zombies (Ossuary)
  4 rats
  4 rat zombies (Ossuary)
268 creatures vanquished.

Vanquished Creatures (others)
  A killer bee (D:7)
1 creature vanquished.

Grand Total: 269 creatures vanquished

Notes
Turn   | Place    | Note
-------+----------+-------------------------------------------
     0 | Abyss:1  | MalarOregon the Draconian Abyssal Knight began the quest
                  | for the Orb.
     0 | Abyss:1  | Reached XP level 1. HP: 19/19 MP: 2/2
     5 | Abyss:1  | Found a corrupted altar of Lugonu.
    65 | Abyss:1  | Noticed a smoke demon
    66 | D:1      | Escaped the Abyss
   125 | D:1      | Reached XP level 2. HP: 26/26 MP: 3/3
   149 | D:1      | Reached * piety under Lugonu
   161 | D:1      | Reached skill level 3 in Long Blades
   496 | D:2      | Reached XP level 3. HP: 29/31 MP: 4/4
   731 | D:2      | Reached skill level 4 in Long Blades
   824 | D:2      | Reached XP level 4. HP: 32/38 MP: 5/5
  1242 | D:2      | Reached skill level 5 in Long Blades
  1443 | D:2      | Reached XP level 5. HP: 39/45 MP: 6/6
  1606 | D:2      | Reached ** piety under Lugonu
  1705 | D:3      | Reached skill level 6 in Long Blades
  2198 | D:3      | Found a bloodstained altar of Trog.
  2226 | D:3      | Reached XP level 6. HP: 50/51 MP: 7/7
  2612 | D:4      | Reached skill level 7 in Long Blades
  2659 | D:4      | HP: 1/51 [orc priest/divine providence (15)]
  3324 | D:4      | Reached *** piety under Lugonu
  3373 | D:4      | Your scales start taking on a lurid green colour.
  3373 | D:4      | Reached XP level 7. HP: 33/57 MP: 8/8
  3373 | D:4      | Gained mutation: Your system is resistant to poisons.
                  | (rPois) [Green Draconian growth]
  3398 | D:4      | Reached skill level 8 in Long Blades
  3667 | D:5      | Entered Level 5 of the Dungeon
  3667 | D:5      | Noticed Duvessa
  3667 | D:5      | Noticed Dowan
  4034 | D:5      | Killed Duvessa
  4042 | D:5      | Killed Dowan
  4168 | D:5      | Reached skill level 9 in Long Blades
  4288 | D:5      | Noticed Grinder
  4294 | D:5      | Killed Grinder
  4294 | D:5      | Reached XP level 8. HP: 60/63 MP: 9/9
  4479 | D:5      | Reached skill level 10 in Long Blades
  5566 | D:6      | Reached skill level 11 in Long Blades
  5705 | D:6      | Found a radiant altar of Vehumet.
  5804 | D:6      | Found a runed translucent door.
  5805 | D:6      | Noticed Crazy Yiuf
  6245 | D:7      | Reached **** piety under Lugonu
  6260 | D:7      | Found a staircase to the Ecumenical Temple.
  6297 | D:7      | Reached XP level 9. HP: 45/70 MP: 10/10
  6359 | D:7      | Noticed Prince Ribbit
  6371 | D:7      | Killed Prince Ribbit
  6371 | D:7      | Reached skill level 12 in Long Blades
  6373 | D:7      | Found a sand-covered staircase.
  6386 | Ossuary  | Entered an ossuary
  7040 | Ossuary  | Reached ***** piety under Lugonu
  7113 | D:7      | Got an encrusted spear
  7225 | D:7      | Noticed a two-headed ogre
  7241 | D:7      | Killed a two-headed ogre
  7241 | D:7      | Reached skill level 13 in Long Blades
  7414 | D:7      | You fall through a shaft for 3 floors!
  7414 | D:10     | Entered Level 10 of the Dungeon
  7505 | D:10     | Found a staircase to the Orcish Mines.
  7536 | D:10     | Noticed a troll
  7876 | D:8      | Reached XP level 10. HP: 63/77 MP: 11/11
  7894 | D:8      | Reached skill level 14 in Long Blades
  8345 | D:7      | Noticed Harold
  8514 | D:7      | Killed Harold
 10490 | D:9      | Found a staircase to the Lair.
 10895 | D:9      | Noticed a two-headed ogre
 10909 | D:9      | Reached skill level 5 in Dodging
 10928 | D:9      | Killed a two-headed ogre
 10928 | D:9      | Reached XP level 11. HP: 35/94 MP: 12/12
 11263 | Lair:1   | Entered Level 1 of the Lair of Beasts
 11406 | Lair:1   | Noticed Grum
 11445 | Lair:1   | Killed Grum
 11463 | Lair:1   | Found a dark tunnel.
 11463 | Lair:1   | Noticed a lindwurm
 11467 | Lair:1   | HP: 4/94 [lindwurm/blast of flame (37)]
 11472 | Lair:1   | Killed a lindwurm
 11473 | Volcano  | Entered a volcano
 11657 | Volcano  | Noticed a stone giant
 11670 | Volcano  | Demolished by a stone giant

Skill      XL: |  1  2  3  4  5  6  7  8  9 10 11 |
---------------+----------------------------------+-----
Long Blades    | 3 4 5 6 7 9 11 13 14 | 14.0
Fighting       | 8 |  8.3
Dodging        | 5 6 |  6.9
Invocations    | |  2.0

Action                   |  1- 3 |  4- 6 |  7- 9 | 10-12 || total
-------------------------+-------+-------+-------+-------++-------
Melee: Falchion          |    80 |   250 |   584 |   447 ||  1361
       Tailslap          |     4 |    33 |   119 |    88 ||   244
Throw: Throwing net      |       |       |       |     1 ||     1
Invok: Depart the Abyss  |     1 |       |       |       ||     1
 Abil: Breathe Noxious F |       |       |     7 |     5 ||    12
Evoke: Wand              |       |       |    19 |     9 ||    28
  Use: Scroll            |       |     2 |     2 |    17 ||    21
       Potion            |       |     1 |       |     3 ||     4
 Stab: Confused          |       |       |    12 |    11 ||    23
       Sleeping          |       |       |     3 |     3 ||     6
  Eat: Chunk             |       |     8 |    13 |    10 ||    31
       Ration            |       |       |     1 |     1 ||     2
Armor: Skin              |    39 |   100 |   161 |   103 ||   403
Dodge: Dodged            |    63 |   185 |   330 |   205 ||   783
       Rpst.: Falchion   |    26 |    53 |   103 |    55 ||   237
